WCHLSIM.com - West Coast Hockey League
html PUBLIC "-//W3C//DTD XHTML 1.0 Transitional//EN" "http://www.w3.org/TR/xhtml1/DTD/xhtml1-transitional.dtd"> WCHL - Game 338 - SAN DIEGO THUNDER vs SAN FRANCISCO SPIDERS

SAN DIEGO THUNDER vs SAN FRANCISCO SPIDERS

Created - 29 novembre 2022 at 06:55

Goals
1 2 3 OT1 SO T
SAN DIEGO THUNDER 1 1 1 0 0 3
SAN FRANCISCO SPIDERS 1 2 0 0 1 4
Shots
1 2 3 OT1 SO T
SAN DIEGO THUNDER 11 11 10 7 3 39
SAN FRANCISCO SPIDERS 8 10 6 3 2 27

1st period

1. SAN FRANCISCO SPIDERS , Andrei Svechnikov 11 (Mark Stone 14, Bo Horvat 15) at 0:24
2. SAN DIEGO THUNDER , Aliaksei Protas 2 (Isac Lundestrom 1, Charles McAvoy 13) at 14:36

Penalties :
Radko Gudas (SDG) for Hooking (Minor) at 4:15, Michael Anderson (SAF) for Tripping (Minor) at 7:29, Adam Larsson (SAF) for Interference (Minor) at 15:11, Zach Hyman (SAF) for Interference (Minor) at 16:46

2nd period

3. SAN FRANCISCO SPIDERS , Zach Hyman 6 (Viktor Arvidsson 16, Brenden Dillon 2) at 8:35
4. SAN DIEGO THUNDER , Evander Kane 16 (Radko Gudas 3) at 10:45 (PP)
5. SAN FRANCISCO SPIDERS , Bo Horvat 9 (Andrei Svechnikov 12, Mark Stone 15) at 12:40

Penalties :
Andrei Svechnikov (SAF) for Roughing (Minor) at 9:43

3rd period

6. SAN DIEGO THUNDER , Drake Batherson 4 (Evander Kane 15, Logan Couture 9) at 7:34 (PP)

Penalties :
Connor Hellebuyck (SDG) for Slashing (Minor) at 0:38 - Ryan Hartman served the penalty., Andrei Svechnikov (SAF) for Tripping (Minor) at 5:44, Karson Kuhlman (SDG) for Hooking (Minor) at 8:12, Evander Kane (SDG) for Tripping (Minor) at 14:05

Overtime #1

No Goal

Penalties :
No Penalty

Shootout

SAN DIEGO THUNDER, Mark Scheifele - Shot Misses the Net
SAN FRANCISCO SPIDERS, Mark Stone - Goal!
SAN DIEGO THUNDER, David Perron - Stopped by Igor Shesterkin
SAN FRANCISCO SPIDERS, Viktor Arvidsson - Stopped by Connor Hellebuyck
SAN DIEGO THUNDER, Evander Kane - Stopped by Igor Shesterkin

Penalties :
No Penalty

Goalie Stats

Connor Hellebuyck (SDG), 24 saves from 27 shots - (0,889), OTL, 11-9-1, 65:00 minutes
Igor Shesterkin (SAF), 36 saves from 39 shots - (0,923), W, 9-7-1, 65:00 minutes

Players Stats for SAN DIEGO THUNDER

Player Name              G  A  P  +/- PIM S  H  SB GA TA FO     MP     PP MP  PK MP  
------------------------------------------------------------------------------------
Alexandre Carrier        0  0  0   0  0   0  0  3  0  0  0/0    22:11   4:11   1:17 
Aliaksei Protas          1  0  1   1  0   1  0  0  0  0  2/5     5:55   0:00   0:00 
Blake Coleman            0  0  0   0  0   4  1  0  0  0  5/20   17:20   0:52   5:30 
Brandon Saad             0  0  0   0  0   1  0  0  0  0  1/1    16:49   0:00   5:38 
Charles McAvoy           0  1  1   0  0   3  1  2  0  0  0/0    28:27   4:14   3:09 
Connor Murphy            0  0  0  -1  0   2  0  0  0  0  0/0    24:23   4:14   4:47 
David Perron             0  0  0   0  0   3  0  0  0  0  2/2    16:51   3:51   0:19 
Derek Forbort            0  0  0  -1  0   0  0  2  0  0  0/0    12:12   0:00   0:00 
Drake Batherson          1  0  1   0  0   7  1  0  0  0  1/3    20:00   3:42   0:05 
Erik Cernak              0  0  0  -1  0   1  0  1  0  0  0/0    18:14   0:00   3:17 
Evander Kane             1  1  2  -3  2   2  7  0  0  0  0/1    19:01   3:42   0:00 
Isac Lundestrom          0  1  1   1  0   1  0  0  0  0  0/0     5:55   0:00   0:00 
Karson Kuhlman           0  0  0   1  2   0  1  0  0  0  0/0     5:54   0:00   0:00 
Logan Couture            0  1  1   0  0   0  0  0  0  0  7/13   16:10   3:42   0:00 
Mark Scheifele           0  0  0  -3  0   5  0  0  0  0  20/34  23:53   4:43   1:07 
Radko Gudas              0  1  1  -1  2   0  2  1  0  0  0/0    19:32   4:11   3:22 
Ryan Hartman             0  0  0  -3  0   9  0  0  0  0  4/5    21:17   4:43   1:14 
Tyler Motte              0  0  0   0  0   0  0  0  0  0  0/0    12:57   0:00   1:59 

Players Stats for SAN FRANCISCO SPIDERS

Player Name              G  A  P  +/- PIM S  H  SB GA TA FO     MP     PP MP  PK MP  
------------------------------------------------------------------------------------
Adam Larsson             0  0  0   0  2   1  3  1  0  0  0/0    24:46   3:48   3:23 
Alexander Kerfoot        0  0  0   1  0   0  0  1  0  0  0/1    15:17   0:41   1:04 
Andrei Svechnikov        1  1  2   2  4   8  4  0  0  0  3/6    22:22   4:23   2:25 
Bo Horvat                1  1  2   2  0   2  2  0  0  0  16/22  22:33   3:33   3:41 
Brenden Dillon           0  1  1   2  0   0  2  1  0  0  0/0    21:49   3:01   5:13 
Eeli Tolvanen            0  0  0   0  0   0  0  0  0  0  0/0     5:51   0:00   0:00 
Erik Gudbranson          0  0  0   2  0   0  0  0  0  0  0/0    22:33   4:29   3:49 
Jared McCann             0  0  0  -1  0   2  0  0  0  0  3/10   13:45   2:52   0:00 
Kirby Dach               0  0  0  -1  0   0  2  0  0  0  1/1    13:33   0:00   2:40 
Mark Stone               0  2  2   2  0   3  0  0  0  0  1/4    23:05   3:33   3:18 
Michael Anderson         0  0  0   0  2   1  2  2  0  0  0/0    18:18   1:07   2:34 
Sean Durzi               0  0  0   0  0   0  2  0  0  0  0/0    22:54   3:27   1:51 
Sean Walker              0  0  0   0  0   1  2  0  0  0  0/0    14:38   0:00   0:00 
Trent Frederic           0  0  0   0  0   1  0  0  0  0  1/3     5:51   0:00   0:00 
Trevor Moore             0  0  0  -1  0   1  0  0  0  0  0/1    15:16   4:23   0:00 
Viktor Arvidsson         0  1  1   1  0   3  3  0  0  0  2/8    16:32   0:00   0:00 
Zach Hyman               1  0  1   1  2   4  2  1  0  0  15/27  21:12   4:23   3:17 
Zack Kassian             0  0  0   0  0   0  0  0  0  0  0/1     5:51   0:00   0:00 

3 Stars

1 - Bo Horvat (SAF)
2 - Andrei Svechnikov (SAF)
3 - Mark Stone (SAF)

Power Play

SAN DIEGO THUNDER - 2 on 5 Attempt(s) - 40,00%
SAN FRANCISCO SPIDERS - 0 on 4 Attempt(s) - 0,00%

Penalty Kill

SAN DIEGO THUNDER - 4 on 4 Attempt(s) - 100,00% - Score 0 goal in Penalty Kill
SAN FRANCISCO SPIDERS - 3 on 5 Attempt(s) - 60,00% - Score 0 goal in Penalty Kill

Team Stat

SAN DIEGO THUNDER - Hits : 13 - Faceoff Wins : 42 - Blocked Shots : 9 - Penalty Minutes : 8
SAN FRANCISCO SPIDERS - Hits : 24 - Faceoff Wins : 42 - Blocked Shots : 6 - Penalty Minutes : 10

Official

Referees : Adam Bloski and Andrew Wilk
Linesman : Justin Cornell and Matt MacPherson

Game Notes

No Game Note

Finance

Level 1 -- Attendance: 6004 (98,35%) -- Ticket Income 900 600 $
Level 2 -- Attendance: 5180 (100,00%) -- Ticket Income 518 000 $
Level 3 -- Attendance: 2035 (100,00%) -- Ticket Income 162 800 $
Level 4 -- Attendance: 4180 (100,00%) -- Ticket Income 250 800 $
Luxury Box -- Attendance: 837 (83,70%) -- Ticket Income 251 100 $
Game was played at the Bay Area Sports Center.
Total Attendance: 18236 (98,57%)
Total Ticket Income: 2 083 300 $
Other Expense: 20 833 $
Total Income: 2 062 467 $

SAN DIEGO THUNDER

5 vs 5 Forward 
   Center                   Left Wing                Right Wing               Time % Phy DF OF 
 1 Mark Scheifele           Evander Kane             Ryan Hartman             34     0   3  2  
 2 Logan Couture            David Perron             Drake Batherson          31     0   2  3  
 3 Blake Coleman            Brandon Saad             Tyler Motte              29     0   3  2  
 4 Aliaksei Protas          Isac Lundestrom          Karson Kuhlman           6      0   4  1  

5 vs 5 Defense 
   Defense                  Defense                                           Time % Phy DF OF 
 1 Charles McAvoy           Alexandre Carrier                                 38     0   2  3  
 2 Connor Murphy            Erik Cernak                                       36     0   2  3  
 3 Derek Forbort            Radko Gudas                                       26     0   3  2  
 4 Radko Gudas              Erik Cernak                                       0      0   2  3  

PowerPlay Forward 
   Center                   Left Wing                Right Wing               Time % Phy DF OF 
 1 Mark Scheifele           David Perron             Ryan Hartman             55     0   0  5  
 2 Logan Couture            Evander Kane             Drake Batherson          45     0   0  5  

PowerPlay Defense
   Defense                  Defense                                           Time % Phy DF OF 
 1 Connor Murphy            Charles McAvoy                                    55     0   1  4  
 2 Radko Gudas              Alexandre Carrier                                 45     0   1  4  

Penalty Kill 4 Players Forward 
   Center                   Wing                     Time % Phy DF OF 
 1 Blake Coleman            Brandon Saad             60     0   4  1  
 2 Ryan Hartman             Tyler Motte              40     0   4  1  

Penalty Kill 4 Players Defense
   Defense                  Defense                  Time % Phy DF OF 
 1 Radko Gudas              Connor Murphy            55     0   5  0  
 2 Charles McAvoy           Erik Cernak              45     0   5  0  

Penalty Kill - 3 Players Forward 
   Forward                                           Time % Phy DF OF 
 1 Blake Coleman                                     55     0   5  0  
 2 Tyler Motte                                       45     0   5  0  

Penalty Kill - 3 Players Defense
   Defense                  Defense                  Time % Phy DF OF 
 1 Charles McAvoy           Connor Murphy            55     0   4  1  
 2 Radko Gudas              Erik Cernak              45     0   4  1  

4 vs 4 Forward 
   Center                   Wing                     Time % Phy DF OF 
 1 Mark Scheifele           Logan Couture            55     0   2  3  
 2 David Perron             Evander Kane             45     0   2  3  

4 vs 4 Defense
   Defense                  Defense                  Time % Phy DF OF 
 1 Charles McAvoy           Radko Gudas              55     0   2  3  
 2 Connor Murphy            Erik Cernak              45     0   2  3  

Last Minutes Offensive
   Center                   Left Wing                Right Wing               Defense                  Defense                  
   Mark Scheifele           David Perron             Drake Batherson          Charles McAvoy           Connor Murphy            

Last Minutes Defensive
   Center                   Left Wing                Right Wing               Defense                  Defense                  
   Mark Scheifele           Blake Coleman            Ryan Hartman             Charles McAvoy           Connor Murphy            

Goaltenders
Starting : Connor Hellebuyck        
Backup : Thomas Greiss            

Extra Forwards
Normal : Mark Scheifele, David Perron, Evander Kane - PP : Mark Scheifele, David Perron - PK : Mark Scheifele
Extra Defensemen
Normal : Connor Murphy, Charles McAvoy, Erik Cernak - PP : Charles McAvoy - PK : Connor Murphy, Charles McAvoy
Penalty Shots
Mark Scheifele, David Perron, Evander Kane, Logan Couture, Brandon Saad
Custom OT Lines Forwards
Mark Scheifele, Drake Batherson, Ryan Hartman, Evander Kane, Brandon Saad, David Perron, Logan Couture, Tyler Motte, Isac Lundestrom, Aliaksei Protas
Custom OT Lines Defensemen
Charles McAvoy, Connor Murphy, Erik Cernak, Radko Gudas, Alexandre Carrier

Scratches
None

SAN FRANCISCO SPIDERS

5 vs 5 Forward 
   Center                   Left Wing                Right Wing               Time % Phy DF OF 
 1 Bo Horvat                Andrei Svechnikov        Mark Stone               35     0   1  4  
 2 Zach Hyman               Alexander Kerfoot        Viktor Arvidsson         35     0   1  4  
 3 Jared McCann             Kirby Dach               Trevor Moore             25     0   2  3  
 4 Trent Frederic           Eeli Tolvanen            Zack Kassian             5      1   4  0  

5 vs 5 Defense 
   Defense                  Defense                                           Time % Phy DF OF 
 1 Erik Gudbranson          Brenden Dillon                                    40     0   4  1  
 2 Adam Larsson             Sean Durzi                                        40     0   4  1  
 3 Michael Anderson         Sean Walker                                       20     0   5  0  
 4 Adam Larsson             Erik Gudbranson                                   0      0   4  1  

PowerPlay Forward 
   Center                   Left Wing                Right Wing               Time % Phy DF OF 
 1 Bo Horvat                Jared McCann             Mark Stone               50     0   1  4  
 2 Zach Hyman               Andrei Svechnikov        Trevor Moore             50     0   1  4  

PowerPlay Defense
   Defense                  Defense                                           Time % Phy DF OF 
 1 Erik Gudbranson          Adam Larsson                                      50     0   3  2  
 2 Brenden Dillon           Sean Durzi                                        50     0   3  2  

Penalty Kill 4 Players Forward 
   Center                   Wing                     Time % Phy DF OF 
 1 Zach Hyman               Mark Stone               50     0   5  0  
 2 Andrei Svechnikov        Bo Horvat                50     0   5  0  

Penalty Kill 4 Players Defense
   Defense                  Defense                  Time % Phy DF OF 
 1 Michael Anderson         Adam Larsson             50     0   5  0  
 2 Brenden Dillon           Erik Gudbranson          50     0   5  0  

Penalty Kill - 3 Players Forward 
   Forward                                           Time % Phy DF OF 
 1 Mark Stone                                        55     0   5  0  
 2 Bo Horvat                                         45     0   5  0  

Penalty Kill - 3 Players Defense
   Defense                  Defense                  Time % Phy DF OF 
 1 Michael Anderson         Adam Larsson             50     0   5  0  
 2 Brenden Dillon           Erik Gudbranson          50     0   5  0  

4 vs 4 Forward 
   Center                   Wing                     Time % Phy DF OF 
 1 Jared McCann             Mark Stone               55     0   2  3  
 2 Andrei Svechnikov        Bo Horvat                45     0   2  3  

4 vs 4 Defense
   Defense                  Defense                  Time % Phy DF OF 
 1 Michael Anderson         Adam Larsson             55     0   4  1  
 2 Brenden Dillon           Erik Gudbranson          45     0   4  1  

Last Minutes Offensive
   Center                   Left Wing                Right Wing               Defense                  Defense                  
   Bo Horvat                Viktor Arvidsson         Mark Stone               Sean Walker              Adam Larsson             

Last Minutes Defensive
   Center                   Left Wing                Right Wing               Defense                  Defense                  
   Bo Horvat                Viktor Arvidsson         Mark Stone               Sean Walker              Adam Larsson             

Goaltenders
Starting : Igor Shesterkin          
Backup : Malcolm Subban           

Extra Forwards
Normal : Jared McCann, Alexander Kerfoot, Kirby Dach - PP : Jared McCann, Alexander Kerfoot - PK : Kirby Dach
Extra Defensemen
Normal : Adam Larsson, Sean Durzi, Brenden Dillon - PP : Michael Anderson - PK : Adam Larsson, Brenden Dillon
Penalty Shots
Mark Stone, Viktor Arvidsson, Andrei Svechnikov, Bo Horvat, Zach Hyman
Custom OT Lines Forwards
Mark Stone, Viktor Arvidsson, Andrei Svechnikov, Bo Horvat, Zach Hyman, Trevor Moore, Jared McCann, Alexander Kerfoot, Kirby Dach, Eeli Tolvanen
Custom OT Lines Defensemen
Sean Durzi, Adam Larsson, Brenden Dillon, Erik Gudbranson, Michael Anderson

Scratches
Darnell Nurse (Fractured Right Foot Injury)

% Time on Ice - SAN DIEGO THUNDER

Lines # - Real PCT - Wanted PCT - Time Play
Normal Forward
1 - 33% - 34% - 14:18
2 - 29% - 31% - 12:28
3 - 25% - 29% - 10:58
4 - 14% - 6% - 5:55
Normal Defense
1 - 38% - 38% - 16:43
2 - 33% - 36% - 14:20
3 - 28% - 26% - 12:12
4 - 1% - 0% - 0:24
PP Forward
1 - 56% - 55% - 4:43
2 - 44% - 45% - 3:42
PP Defense
1 - 50% - 55% - 4:14
2 - 50% - 45% - 4:11
PK Forward
1 - 75% - 60% - 5:57
2 - 25% - 40% - 1:59
PK Defense
1 - 59% - 55% - 4:39
2 - 41% - 45% - 3:17
PK3 Forward
1 - 0% - 55%
2 - 0% - 45%
PK3 Defense
1 - 0% - 55%
2 - 0% - 45%
44 Forward
1 - 0% - 55%
2 - 0% - 45%
44 Defense
1 - 0% - 55%
2 - 0% - 45%
Last Minute Offensive  - 0:00
Last Minute Defensive  - 0:00
Total
Forward - 60:00
Defense - 60:00

% Time on Ice - SAN FRANCISCO SPIDERS

Lines # - Real PCT - Wanted PCT - Time Play
Normal Forward
1 - 31% - 35% - 13:23
2 - 31% - 35% - 13:32
3 - 25% - 25% - 10:53
4 - 13% - 5% - 5:51
Normal Defense
1 - 31% - 40% - 13:35
2 - 34% - 40% - 14:46
3 - 34% - 20% - 14:38
4 - 2% - 0% - 0:40
PP Forward
1 - 45% - 50% - 3:33
2 - 55% - 50% - 4:23
PP Defense
1 - 57% - 50% - 4:29
2 - 43% - 50% - 3:27
PK Forward
1 - 54% - 50% - 4:20
2 - 46% - 50% - 3:41
PK Defense
1 - 57% - 50% - 4:33
2 - 43% - 50% - 3:28
PK3 Forward
1 - 100% - 55% - 0:24
2 - 0% - 45% - 0:00
PK3 Defense
1 - 100% - 50% - 0:24
2 - 0% - 50% - 0:00
44 Forward
1 - 0% - 55%
2 - 0% - 45%
44 Defense
1 - 0% - 55%
2 - 0% - 45%
Last Minute Offensive  - 0:00
Last Minute Defensive  - 0:00
Total
Forward - 60:00
Defense - 60:00

Play-by-Play

1st period


0:01 of 1st period - Mark Scheifele wins face-off versus Bo Horvat in neutral zone.
0:06 of 1st period - Andrei Svechnikov is hit by Evander Kane.
0:12 of 1st period - Shot by Mark Stone.
0:12 of 1st period - Shot Misses the Net.
0:14 of 1st period - Shot by Andrei Svechnikov.
0:14 of 1st period - Shot Blocked by Alexandre Carrier.
0:22 of 1st period - Shot by Bo Horvat.
0:22 of 1st period - Deflect By Mark Stone.
0:22 of 1st period - Shot Blocked by Alexandre Carrier.
0:24 of 1st period - Shot by Andrei Svechnikov.
0:24 of 1st period - The goal is going for a video replay.
0:24 of 1st period - The goal is good.
0:24 of 1st period - Goal by Andrei Svechnikov - SAN DIEGO THUNDER : 0 - SAN FRANCISCO SPIDERS : 1.
0:25 of 1st period - David Perron wins face-off versus Zach Hyman in neutral zone.
0:25 of 1st period - David Perron is hit by Viktor Arvidsson.
0:29 of 1st period - Shot by Logan Couture.
0:29 of 1st period - Shot Misses the Net.
0:31 of 1st period - Shot by Connor Murphy.
0:31 of 1st period - Stopped by Igor Shesterkin with a rebound.
0:44 of 1st period - Drake Batherson is hit by Sean Durzi and loses puck.
0:51 of 1st period - Shot by Logan Couture.
0:51 of 1st period - Deflect By Drake Batherson.
0:51 of 1st period - Stopped by Igor Shesterkin without a rebound.
0:52 of 1st period - Jared McCann wins face-off versus Blake Coleman in SAN FRANCISCO SPIDERS zone.
0:57 of 1st period - Shot by Jared McCann.
0:57 of 1st period - Stopped by Connor Hellebuyck with a rebound.
1:09 of 1st period - Off-side.
1:10 of 1st period - Aliaksei Protas wins face-off versus Trent Frederic in neutral zone.
2:15 of 1st period - Shot by Tyler Motte.
2:15 of 1st period - Shot Misses the Net.
2:38 of 1st period - Shot by Blake Coleman.
2:38 of 1st period - Stopped by Igor Shesterkin without a rebound.
2:39 of 1st period - Bo Horvat wins face-off versus Mark Scheifele in SAN FRANCISCO SPIDERS zone.
2:51 of 1st period - Shot by Ryan Hartman.
2:51 of 1st period - Shot Misses the Net.
3:05 of 1st period - Shot by Bo Horvat.
3:05 of 1st period - Deflect By Andrei Svechnikov.
3:05 of 1st period - Stopped by Connor Hellebuyck without a rebound.
3:06 of 1st period - Logan Couture wins face-off versus Zach Hyman in SAN DIEGO THUNDER zone.
3:14 of 1st period - Icing by Sean Walker.
3:15 of 1st period - Zach Hyman wins face-off versus Logan Couture in SAN FRANCISCO SPIDERS zone.
3:19 of 1st period - Viktor Arvidsson is hit by Drake Batherson and loses puck.
3:24 of 1st period - Shot by Michael Anderson.
3:24 of 1st period - Shot Blocked by Erik Cernak.
3:26 of 1st period - Shot by Zach Hyman.
3:26 of 1st period - Deflect By Viktor Arvidsson.
3:26 of 1st period - Shot Misses the Net.
3:28 of 1st period - Shot by Michael Anderson.
3:28 of 1st period - Stopped by Connor Hellebuyck without a rebound.
3:29 of 1st period - Mark Scheifele wins face-off versus Jared McCann in SAN DIEGO THUNDER zone.
3:50 of 1st period - Shot by Jared McCann.
3:50 of 1st period - Shot Misses the Net.
4:14 of 1st period - Shot by Trevor Moore.
4:14 of 1st period - Stopped by Connor Hellebuyck with a rebound.
4:15 of 1st period - Minor Penalty to Radko Gudas for Hooking.
4:16 of 1st period - Bo Horvat wins face-off versus Blake Coleman in SAN DIEGO THUNDER zone.
6:26 of 1st period - Shot by Trent Frederic.
6:26 of 1st period - Stopped by Connor Hellebuyck without a rebound.
6:27 of 1st period - Mark Scheifele wins face-off versus Zack Kassian in SAN DIEGO THUNDER zone.
6:50 of 1st period - Shot by Ryan Hartman.
6:50 of 1st period - Stopped by Igor Shesterkin without a rebound.
6:51 of 1st period - Logan Couture wins face-off versus Zach Hyman in SAN FRANCISCO SPIDERS zone.
7:29 of 1st period - Minor Penalty to Michael Anderson for Tripping.
7:30 of 1st period - Andrei Svechnikov wins face-off versus Mark Scheifele in SAN FRANCISCO SPIDERS zone.
8:00 of 1st period - Mark Scheifele is hit by Brenden Dillon and loses puck.
8:32 of 1st period - Drake Batherson is hit by Adam Larsson and loses puck.
9:05 of 1st period - Mark Stone is hit by Radko Gudas.
9:49 of 1st period - Icing by Connor Murphy.
9:50 of 1st period - Blake Coleman wins face-off versus Trent Frederic in SAN DIEGO THUNDER zone.
10:34 of 1st period - Charles McAvoy is hit by Kirby Dach and loses puck.
10:46 of 1st period - Shot by Jared McCann.
10:46 of 1st period - Stopped by Connor Hellebuyck without a rebound.
10:47 of 1st period - Mark Scheifele wins face-off versus Andrei Svechnikov in SAN DIEGO THUNDER zone.
11:03 of 1st period - Icing by Charles McAvoy.
11:04 of 1st period - Mark Scheifele wins face-off versus Zach Hyman in SAN DIEGO THUNDER zone.
11:04 of 1st period - Mark Scheifele is hit by Zach Hyman.
11:20 of 1st period - Shot by Evander Kane.
11:20 of 1st period - Shot Misses the Net.
11:22 of 1st period - Shot by Ryan Hartman.
11:22 of 1st period - Stopped by Igor Shesterkin without a rebound.
11:23 of 1st period - Logan Couture wins face-off versus Bo Horvat in SAN FRANCISCO SPIDERS zone.
11:28 of 1st period - Icing by Michael Anderson.
11:29 of 1st period - Bo Horvat wins face-off versus Logan Couture in SAN FRANCISCO SPIDERS zone.
11:58 of 1st period - Icing by Logan Couture.
11:59 of 1st period - David Perron wins face-off versus Zach Hyman in SAN DIEGO THUNDER zone.
11:59 of 1st period - David Perron is hit by Viktor Arvidsson.
12:25 of 1st period - Shot by Alexander Kerfoot.
12:25 of 1st period - Shot Misses the Net.
12:27 of 1st period - Shot by Zach Hyman.
12:27 of 1st period - Shot Misses the Net.
12:29 of 1st period - Shot by Alexander Kerfoot.
12:29 of 1st period - Shot Misses the Net.
13:31 of 1st period - Shot by Bo Horvat.
13:31 of 1st period - Stopped by Connor Hellebuyck without a rebound.
13:32 of 1st period - Jared McCann wins face-off versus Mark Scheifele in SAN DIEGO THUNDER zone.
14:34 of 1st period - Shot by Isac Lundestrom.
14:34 of 1st period - Stopped by Igor Shesterkin with a rebound.
14:36 of 1st period - Shot by Aliaksei Protas.
14:36 of 1st period - Goal by Aliaksei Protas - SAN DIEGO THUNDER : 1 - SAN FRANCISCO SPIDERS : 1.
14:37 of 1st period - Bo Horvat wins face-off versus Blake Coleman in neutral zone.
14:57 of 1st period - Shot by Mark Stone.
14:57 of 1st period - Shot Blocked by Alexandre Carrier.
15:11 of 1st period - Shot by Brandon Saad.
15:11 of 1st period - Deflect By Blake Coleman.
15:11 of 1st period - Stopped by Igor Shesterkin without a rebound.
15:11 of 1st period - Minor Penalty to Adam Larsson for Interference.
15:12 of 1st period - Zach Hyman wins face-off versus Mark Scheifele in SAN FRANCISCO SPIDERS zone.
15:47 of 1st period - Icing by Charles McAvoy.
15:48 of 1st period - Zach Hyman wins face-off versus Mark Scheifele in SAN DIEGO THUNDER zone.
16:46 of 1st period - Minor Penalty to Zach Hyman for Interference.
16:47 of 1st period - Mark Scheifele wins face-off versus Mark Stone in SAN FRANCISCO SPIDERS zone.
17:02 of 1st period - Shot by Mark Scheifele.
17:02 of 1st period - Stopped by Igor Shesterkin without a rebound.
17:03 of 1st period - Mark Stone wins face-off versus Logan Couture in SAN FRANCISCO SPIDERS zone.
17:58 of 1st period - Mark Scheifele is hit by Kirby Dach and loses puck.
18:09 of 1st period - Shot by Mark Scheifele.
18:09 of 1st period - Stopped by Igor Shesterkin without a rebound.
18:10 of 1st period - Andrei Svechnikov wins face-off versus Mark Scheifele in SAN FRANCISCO SPIDERS zone.
18:57 of 1st period - Shot by Brandon Saad.
18:57 of 1st period - Stopped by Igor Shesterkin without a rebound.
18:58 of 1st period - Aliaksei Protas wins face-off versus Alexander Kerfoot in SAN FRANCISCO SPIDERS zone.
19:05 of 1st period - Shot by Isac Lundestrom.
19:05 of 1st period - Shot Misses the Net.
19:51 of 1st period - Zach Hyman is hit by Blake Coleman and loses puck.
Goals for this period are 1 for SAN DIEGO THUNDER vs 1 for SAN FRANCISCO SPIDERS.
Shots for this period are 11 for SAN DIEGO THUNDER vs 8 for SAN FRANCISCO SPIDERS.

2nd period


0:01 of 2nd period - Mark Scheifele wins face-off versus Bo Horvat in neutral zone.
0:14 of 2nd period - Andrei Svechnikov is hit by Evander Kane and loses puck.
0:34 of 2nd period - Shot by Evander Kane.
0:34 of 2nd period - Stopped by Igor Shesterkin without a rebound.
0:35 of 2nd period - Zach Hyman wins face-off versus Logan Couture in SAN FRANCISCO SPIDERS zone.
0:57 of 2nd period - Icing by David Perron.
0:58 of 2nd period - Logan Couture wins face-off versus Jared McCann in SAN DIEGO THUNDER zone.
1:06 of 2nd period - Shot by Drake Batherson.
1:06 of 2nd period - Shot Misses the Net.
1:09 of 2nd period - Icing by Adam Larsson.
1:10 of 2nd period - Mark Scheifele wins face-off versus Jared McCann in SAN FRANCISCO SPIDERS zone.
2:44 of 2nd period - Shot by Drake Batherson.
2:44 of 2nd period - Stopped by Igor Shesterkin without a rebound.
2:45 of 2nd period - Zach Hyman wins face-off versus Blake Coleman in SAN FRANCISCO SPIDERS zone.
3:06 of 2nd period - Shot by Zach Hyman.
3:06 of 2nd period - Stopped by Connor Hellebuyck without a rebound.
3:07 of 2nd period - Mark Scheifele wins face-off versus Andrei Svechnikov in SAN DIEGO THUNDER zone.
3:12 of 2nd period - Charles McAvoy is hit by Andrei Svechnikov and loses puck.
3:27 of 2nd period - Mark Stone is hit by Evander Kane and loses puck.
4:02 of 2nd period - Icing by Alexandre Carrier.
4:03 of 2nd period - Zach Hyman wins face-off versus Mark Scheifele in SAN DIEGO THUNDER zone.
5:37 of 2nd period - Shot by Drake Batherson.
5:37 of 2nd period - Stopped by Igor Shesterkin without a rebound.
5:38 of 2nd period - Bo Horvat wins face-off versus Aliaksei Protas in SAN FRANCISCO SPIDERS zone.
6:15 of 2nd period - Mark Stone is hit by Karson Kuhlman and loses puck.
6:27 of 2nd period - Icing by Erik Gudbranson.
6:28 of 2nd period - Bo Horvat wins face-off versus Drake Batherson in SAN FRANCISCO SPIDERS zone.
7:32 of 2nd period - Off-side.
7:33 of 2nd period - Zach Hyman wins face-off versus Mark Scheifele in neutral zone.
7:43 of 2nd period - Shot by Mark Scheifele.
7:43 of 2nd period - Stopped by Igor Shesterkin without a rebound.
7:44 of 2nd period - Blake Coleman wins face-off versus Bo Horvat in SAN FRANCISCO SPIDERS zone.
8:20 of 2nd period - Off-side.
8:21 of 2nd period - Ryan Hartman wins face-off versus Zach Hyman in neutral zone.
8:35 of 2nd period - Shot by Zach Hyman.
8:35 of 2nd period - Goal by Zach Hyman - SAN DIEGO THUNDER : 1 - SAN FRANCISCO SPIDERS : 2.
8:36 of 2nd period - Logan Couture wins face-off versus Trevor Moore in neutral zone.
8:39 of 2nd period - Shot by David Perron.
8:39 of 2nd period - Deflect By Drake Batherson.
8:39 of 2nd period - Shot Misses the Net.
9:40 of 2nd period - Derek Forbort is hit by Andrei Svechnikov.
9:43 of 2nd period - Minor Penalty to Andrei Svechnikov for Roughing.
9:44 of 2nd period - Zach Hyman wins face-off versus Mark Scheifele in SAN FRANCISCO SPIDERS zone.
10:41 of 2nd period - Radko Gudas is hit by Bo Horvat.
10:45 of 2nd period - Shot by Evander Kane.
10:45 of 2nd period - Goal by Evander Kane - SAN DIEGO THUNDER : 2 - SAN FRANCISCO SPIDERS : 2.
10:46 of 2nd period - Zach Hyman wins face-off versus Aliaksei Protas in neutral zone.
10:55 of 2nd period - Shot by Viktor Arvidsson.
10:55 of 2nd period - Shot Misses the Net.
11:16 of 2nd period - Charles McAvoy is hit by Viktor Arvidsson and loses puck.
12:38 of 2nd period - Shot by Andrei Svechnikov.
12:38 of 2nd period - Shot Misses the Net.
12:40 of 2nd period - Shot by Bo Horvat.
12:40 of 2nd period - Goal by Bo Horvat - SAN DIEGO THUNDER : 2 - SAN FRANCISCO SPIDERS : 3.
12:41 of 2nd period - Jared McCann wins face-off versus Blake Coleman in neutral zone.
13:25 of 2nd period - Icing by Alexandre Carrier.
13:26 of 2nd period - Bo Horvat wins face-off versus Blake Coleman in SAN DIEGO THUNDER zone.
13:29 of 2nd period - Shot by Andrei Svechnikov.
13:29 of 2nd period - Stopped by Connor Hellebuyck without a rebound.
13:30 of 2nd period - Bo Horvat wins face-off versus Mark Scheifele in SAN DIEGO THUNDER zone.
13:50 of 2nd period - Off-side.
13:51 of 2nd period - Zach Hyman wins face-off versus Logan Couture in neutral zone.
14:29 of 2nd period - Shot by David Perron.
14:29 of 2nd period - Shot Misses the Net.
14:57 of 2nd period - Ryan Hartman is hit by Bo Horvat and loses puck.
15:12 of 2nd period - Shot by Mark Stone.
15:12 of 2nd period - Shot Blocked by Charles McAvoy.
15:16 of 2nd period - Shot by Andrei Svechnikov.
15:16 of 2nd period - Stopped by Connor Hellebuyck without a rebound.
15:17 of 2nd period - Blake Coleman wins face-off versus Jared McCann in SAN DIEGO THUNDER zone.
16:30 of 2nd period - Shot by Mark Scheifele.
16:30 of 2nd period - Shot Blocked by Michael Anderson.
16:32 of 2nd period - Shot by Ryan Hartman.
16:32 of 2nd period - Deflect By Mark Scheifele.
16:32 of 2nd period - Shot Misses the Net.
16:48 of 2nd period - Jared McCann is hit by Evander Kane and loses puck.
17:11 of 2nd period - Shot by David Perron.
17:11 of 2nd period - Stopped by Igor Shesterkin with a rebound.
17:13 of 2nd period - Shot by Connor Murphy.
17:13 of 2nd period - Stopped by Igor Shesterkin with a rebound.
17:15 of 2nd period - Shot by David Perron.
17:15 of 2nd period - Stopped by Igor Shesterkin with a rebound.
17:31 of 2nd period - Shot by Logan Couture.
17:31 of 2nd period - Shot Misses the Net.
17:33 of 2nd period - Shot by Erik Cernak.
17:33 of 2nd period - Stopped by Igor Shesterkin without a rebound.
17:34 of 2nd period - Bo Horvat wins face-off versus Blake Coleman in SAN FRANCISCO SPIDERS zone.
17:43 of 2nd period - Shot by Mark Stone.
17:43 of 2nd period - Shot Misses the Net.
17:45 of 2nd period - Shot by Bo Horvat.
17:45 of 2nd period - Shot Misses the Net.
17:53 of 2nd period - Shot by Bo Horvat.
17:53 of 2nd period - Shot Blocked by Derek Forbort.
17:55 of 2nd period - Shot by Adam Larsson.
17:55 of 2nd period - Shot Blocked by Derek Forbort.
17:57 of 2nd period - Shot by Mark Stone.
17:57 of 2nd period - Shot Misses the Net.
17:59 of 2nd period - Shot by Adam Larsson.
17:59 of 2nd period - Stopped by Connor Hellebuyck with a rebound.
18:01 of 2nd period - Shot by Andrei Svechnikov.
18:01 of 2nd period - Stopped by Connor Hellebuyck without a rebound.
18:02 of 2nd period - Mark Scheifele wins face-off versus Zach Hyman in SAN DIEGO THUNDER zone.
18:02 of 2nd period - Mark Scheifele is hit by Zach Hyman.
18:08 of 2nd period - Zach Hyman is hit by Evander Kane and loses puck.
18:20 of 2nd period - Shot by Viktor Arvidsson.
18:20 of 2nd period - Stopped by Connor Hellebuyck without a rebound.
18:21 of 2nd period - Logan Couture wins face-off versus Mark Stone in SAN DIEGO THUNDER zone.
18:21 of 2nd period - Logan Couture is hit by Andrei Svechnikov.
18:30 of 2nd period - David Perron is hit by Adam Larsson and loses puck.
18:34 of 2nd period - Icing by Sean Durzi.
18:35 of 2nd period - Bo Horvat wins face-off versus Evander Kane in SAN FRANCISCO SPIDERS zone.
18:48 of 2nd period - Shot by Andrei Svechnikov.
18:48 of 2nd period - Stopped by Connor Hellebuyck without a rebound.
18:49 of 2nd period - Zach Hyman wins face-off versus Blake Coleman in SAN DIEGO THUNDER zone.
18:56 of 2nd period - Shot by Viktor Arvidsson.
18:56 of 2nd period - Stopped by Connor Hellebuyck with a rebound.
19:41 of 2nd period - Mark Scheifele is hit by Brenden Dillon and loses puck.
19:50 of 2nd period - Shot by Ryan Hartman.
19:50 of 2nd period - Stopped by Igor Shesterkin with a rebound.
19:52 of 2nd period - Shot by Ryan Hartman.
19:52 of 2nd period - Stopped by Igor Shesterkin without a rebound.
19:53 of 2nd period - Andrei Svechnikov wins face-off versus Logan Couture in SAN FRANCISCO SPIDERS zone.
Goals for this period are 1 for SAN DIEGO THUNDER vs 2 for SAN FRANCISCO SPIDERS.
Shots for this period are 11 for SAN DIEGO THUNDER vs 10 for SAN FRANCISCO SPIDERS.

3rd period


0:01 of 3rd period - Ryan Hartman wins face-off versus Mark Stone in neutral zone.
0:04 of 3rd period - Sean Durzi is hit by Evander Kane and loses puck.
0:38 of 3rd period - Shot by Andrei Svechnikov.
0:38 of 3rd period - Stopped by Connor Hellebuyck without a rebound.
0:38 of 3rd period - Minor Penalty to Connor Hellebuyck for Slashing.
0:39 of 3rd period - Blake Coleman wins face-off versus Zach Hyman in SAN DIEGO THUNDER zone.
3:37 of 3rd period - Shot by Viktor Arvidsson.
3:37 of 3rd period - Shot Misses the Net.
3:39 of 3rd period - Shot by Zach Hyman.
3:39 of 3rd period - Stopped by Connor Hellebuyck with a rebound.
3:53 of 3rd period - Shot by Viktor Arvidsson.
3:53 of 3rd period - Stopped by Connor Hellebuyck without a rebound.
3:54 of 3rd period - Mark Scheifele wins face-off versus Jared McCann in SAN DIEGO THUNDER zone.
4:05 of 3rd period - Shot by Ryan Hartman.
4:05 of 3rd period - Stopped by Igor Shesterkin without a rebound.
4:06 of 3rd period - Bo Horvat wins face-off versus Blake Coleman in SAN FRANCISCO SPIDERS zone.
4:30 of 3rd period - Blake Coleman is hit by Sean Walker.
4:37 of 3rd period - Brandon Saad is hit by Michael Anderson and loses puck.
4:44 of 3rd period - Shot by Brandon Saad.
4:44 of 3rd period - Shot Misses the Net.
4:46 of 3rd period - Shot by Blake Coleman.
4:46 of 3rd period - Stopped by Igor Shesterkin with a rebound.
5:34 of 3rd period - Ryan Hartman is hit by Michael Anderson and loses puck.
5:44 of 3rd period - Minor Penalty to Andrei Svechnikov for Tripping.
5:45 of 3rd period - Logan Couture wins face-off versus Zach Hyman in SAN FRANCISCO SPIDERS zone.
6:18 of 3rd period - Off-side.
6:19 of 3rd period - Zach Hyman wins face-off versus Mark Scheifele in neutral zone.
6:36 of 3rd period - Shot by Mark Scheifele.
6:36 of 3rd period - Shot Misses the Net.
6:38 of 3rd period - Shot by Connor Murphy.
6:38 of 3rd period - Shot Blocked by Alexander Kerfoot.
6:42 of 3rd period - Shot by Charles McAvoy.
6:42 of 3rd period - Stopped by Igor Shesterkin with a rebound.
6:56 of 3rd period - Shot by David Perron.
6:56 of 3rd period - Shot Blocked by Brenden Dillon.
6:58 of 3rd period - Shot by Charles McAvoy.
6:58 of 3rd period - Stopped by Igor Shesterkin with a rebound.
7:00 of 3rd period - Shot by Charles McAvoy.
7:00 of 3rd period - Shot Blocked by Zach Hyman.
7:34 of 3rd period - Shot by Drake Batherson.
7:34 of 3rd period - Goal by Drake Batherson - SAN DIEGO THUNDER : 3 - SAN FRANCISCO SPIDERS : 3.
7:35 of 3rd period - Trent Frederic wins face-off versus Blake Coleman in neutral zone.
7:45 of 3rd period - Off-side.
7:46 of 3rd period - Kirby Dach wins face-off versus Aliaksei Protas in neutral zone.
8:08 of 3rd period - Isac Lundestrom is hit by Adam Larsson and loses puck.
8:12 of 3rd period - Minor Penalty to Karson Kuhlman for Hooking.
8:13 of 3rd period - Bo Horvat wins face-off versus Blake Coleman in SAN DIEGO THUNDER zone.
8:13 of 3rd period - Mark Stone is hit by Radko Gudas.
8:58 of 3rd period - Icing by Zach Hyman.
8:59 of 3rd period - Ryan Hartman wins face-off versus Zach Hyman in SAN FRANCISCO SPIDERS zone.
9:11 of 3rd period - Icing by Zach Hyman.
9:12 of 3rd period - Zach Hyman wins face-off versus Blake Coleman in SAN FRANCISCO SPIDERS zone.
10:22 of 3rd period - Logan Couture is hit by Sean Walker and loses puck.
10:29 of 3rd period - Shot by Drake Batherson.
10:29 of 3rd period - Shot Blocked by Michael Anderson.
10:31 of 3rd period - Shot by Alexandre Carrier.
10:31 of 3rd period - Deflect By Drake Batherson.
10:31 of 3rd period - Stopped by Igor Shesterkin with a rebound.
11:39 of 3rd period - Shot by Ryan Hartman.
11:39 of 3rd period - Stopped by Igor Shesterkin without a rebound.
11:40 of 3rd period - Blake Coleman wins face-off versus Zach Hyman in SAN FRANCISCO SPIDERS zone.
12:13 of 3rd period - Shot by Blake Coleman.
12:13 of 3rd period - Stopped by Igor Shesterkin with a rebound.
13:10 of 3rd period - Icing by Alexandre Carrier.
13:11 of 3rd period - Bo Horvat wins face-off versus Drake Batherson in SAN DIEGO THUNDER zone.
13:50 of 3rd period - Andrei Svechnikov is hit by Evander Kane and loses puck.
14:01 of 3rd period - Mark Scheifele is hit by Andrei Svechnikov and loses puck.
14:05 of 3rd period - Minor Penalty to Evander Kane for Tripping.
14:06 of 3rd period - Zach Hyman wins face-off versus Blake Coleman in SAN DIEGO THUNDER zone.
14:31 of 3rd period - Shot by Zach Hyman.
14:31 of 3rd period - Stopped by Connor Hellebuyck without a rebound.
14:32 of 3rd period - Bo Horvat wins face-off versus Blake Coleman in SAN DIEGO THUNDER zone.
16:24 of 3rd period - Shot by Trent Frederic.
16:24 of 3rd period - Shot Blocked by Radko Gudas.
16:35 of 3rd period - Shot by Eeli Tolvanen.
16:35 of 3rd period - Shot Hit the Post.
16:37 of 3rd period - Shot by Michael Anderson.
16:37 of 3rd period - Shot Misses the Net.
16:41 of 3rd period - Shot by Sean Walker.
16:41 of 3rd period - Stopped by Connor Hellebuyck without a rebound.
16:42 of 3rd period - Mark Scheifele wins face-off versus Jared McCann in SAN DIEGO THUNDER zone.
17:03 of 3rd period - Shot by Ryan Hartman.
17:03 of 3rd period - Shot Blocked by Adam Larsson.
17:08 of 3rd period - Jared McCann is hit by Charles McAvoy.
18:09 of 3rd period - Icing by Connor Murphy.
18:10 of 3rd period - Bo Horvat wins face-off versus Blake Coleman in SAN DIEGO THUNDER zone.
18:29 of 3rd period - Shot by Bo Horvat.
18:29 of 3rd period - Shot Misses the Net.
18:37 of 3rd period - Shot by Andrei Svechnikov.
18:37 of 3rd period - Stopped by Connor Hellebuyck without a rebound.
18:38 of 3rd period - Drake Batherson wins face-off versus Jared McCann in SAN DIEGO THUNDER zone.
18:46 of 3rd period - Logan Couture is hit by Sean Durzi and loses puck.
18:53 of 3rd period - Shot by Drake Batherson.
18:53 of 3rd period - Stopped by Igor Shesterkin without a rebound.
18:54 of 3rd period - Mark Scheifele wins face-off versus Zach Hyman in SAN FRANCISCO SPIDERS zone.
18:55 of 3rd period - Shot by Evander Kane.
18:55 of 3rd period - Deflect By Ryan Hartman.
18:55 of 3rd period - Stopped by Igor Shesterkin without a rebound.
18:56 of 3rd period - Zach Hyman wins face-off versus Mark Scheifele in SAN FRANCISCO SPIDERS zone.
Goals for this period are 1 for SAN DIEGO THUNDER vs 0 for SAN FRANCISCO SPIDERS.
Shots for this period are 10 for SAN DIEGO THUNDER vs 6 for SAN FRANCISCO SPIDERS.

Overtime #1


0:01 of 1st overtime period - Mark Scheifele wins face-off versus Viktor Arvidsson in neutral zone.
0:12 of 1st overtime period - Shot by Mark Scheifele.
0:12 of 1st overtime period - Stopped by Igor Shesterkin without a rebound.
0:13 of 1st overtime period - Mark Scheifele wins face-off versus Viktor Arvidsson in SAN FRANCISCO SPIDERS zone.
0:22 of 1st overtime period - Shot by Charles McAvoy.
0:22 of 1st overtime period - Stopped by Igor Shesterkin without a rebound.
0:23 of 1st overtime period - Mark Scheifele wins face-off versus Viktor Arvidsson in SAN FRANCISCO SPIDERS zone.
0:55 of 1st overtime period - Shot by Drake Batherson.
0:55 of 1st overtime period - Stopped by Igor Shesterkin without a rebound.
0:56 of 1st overtime period - Mark Scheifele wins face-off versus Andrei Svechnikov in SAN FRANCISCO SPIDERS zone.
0:59 of 1st overtime period - Shot by Mark Scheifele.
0:59 of 1st overtime period - Stopped by Igor Shesterkin without a rebound.
1:00 of 1st overtime period - Mark Scheifele wins face-off versus Viktor Arvidsson in SAN FRANCISCO SPIDERS zone.
1:19 of 1st overtime period - Shot by Mark Stone.
1:19 of 1st overtime period - Stopped by Connor Hellebuyck without a rebound.
1:20 of 1st overtime period - Viktor Arvidsson wins face-off versus Mark Scheifele in SAN DIEGO THUNDER zone.
2:02 of 1st overtime period - Off-side.
2:03 of 1st overtime period - Bo Horvat wins face-off versus Ryan Hartman in neutral zone.
2:38 of 1st overtime period - Shot by Ryan Hartman.
2:38 of 1st overtime period - Stopped by Igor Shesterkin without a rebound.
2:39 of 1st overtime period - Brandon Saad wins face-off versus Viktor Arvidsson in SAN FRANCISCO SPIDERS zone.
2:49 of 1st overtime period - Shot by Brandon Saad.
2:49 of 1st overtime period - Deflect By David Perron.
2:49 of 1st overtime period - Shot Misses the Net.
2:51 of 1st overtime period - Shot by David Perron.
2:51 of 1st overtime period - Stopped by Igor Shesterkin without a rebound.
2:52 of 1st overtime period - Mark Scheifele wins face-off versus Viktor Arvidsson in SAN FRANCISCO SPIDERS zone.
3:03 of 1st overtime period - Shot by Charles McAvoy.
3:03 of 1st overtime period - Shot Misses the Net.
3:21 of 1st overtime period - Shot by Mark Stone.
3:21 of 1st overtime period - Stopped by Connor Hellebuyck without a rebound.
3:22 of 1st overtime period - Ryan Hartman wins face-off versus Bo Horvat in SAN DIEGO THUNDER zone.
3:47 of 1st overtime period - Shot by Ryan Hartman.
3:47 of 1st overtime period - Stopped by Igor Shesterkin without a rebound.
3:48 of 1st overtime period - Viktor Arvidsson wins face-off versus Mark Scheifele in SAN FRANCISCO SPIDERS zone.
4:10 of 1st overtime period - Shot by Mark Stone.
4:10 of 1st overtime period - Stopped by Connor Hellebuyck without a rebound.
4:11 of 1st overtime period - Mark Scheifele wins face-off versus Bo Horvat in SAN DIEGO THUNDER zone.
4:26 of 1st overtime period - Shot by Andrei Svechnikov.
4:26 of 1st overtime period - Shot Blocked by Charles McAvoy.
4:40 of 1st overtime period - Shot by Andrei Svechnikov.
4:40 of 1st overtime period - Shot Misses the Net.
Goals for this period are 0 for SAN DIEGO THUNDER vs 0 for SAN FRANCISCO SPIDERS.
Shots for this period are 7 for SAN DIEGO THUNDER vs 3 for SAN FRANCISCO SPIDERS.

ShootOut


5:00 of 1st overtime period - Round #1.
5:00 of 1st overtime period - SAN DIEGO THUNDER, Mark Scheifele.
5:00 of 1st overtime period - Shot Misses the Net.
5:00 of 1st overtime period - SAN FRANCISCO SPIDERS, Mark Stone.
5:00 of 1st overtime period - Goal by Mark Stone.
5:00 of 1st overtime period - Round #2.
5:00 of 1st overtime period - SAN DIEGO THUNDER, David Perron.
5:00 of 1st overtime period - Stopped by Igor Shesterkin.
5:00 of 1st overtime period - SAN FRANCISCO SPIDERS, Viktor Arvidsson.
5:00 of 1st overtime period - Stopped by Connor Hellebuyck.
5:00 of 1st overtime period - Round #3.
5:00 of 1st overtime period - SAN DIEGO THUNDER, Evander Kane.
5:00 of 1st overtime period - Stopped by Igor Shesterkin.


SEBASTIAN
AHO
MARK
SCHEIFELE
JAKE
OETTINGER

EAST COAST

HOCKEY LEAGUE

  • 17.QUE3CHI2
  • 18.CHA2LIM4
  • 19.TRV3LON2
  • 20.CHW1BAL2
  • 21.PITMAN
  • 22.ATLNHW
  • 23.WORPET
  • 24.RHI